 Dungeon Crawl Stone Soup version 0.31-a0-174-g85c54bcb58 (webtiles) character file.

Game seed: 9858384591480086477

223 qw the Chopper (level 6, -3/38 HPs)
             Began as a Gargoyle Fighter on June 15, 2023.
             Slain by Edmund
             ... wielding a +1 flail of distortion
              (8 damage)
             ... on level 4 of the Dungeon.
             The game lasted 00:01:37 (3433 turns).

qw the Chopper (Gargoyle Fighter)                   Turns: 3433, Time: 00:01:37

Health: -3/38      AC: 15    Str: 22    XL:     6   Next: 0%
Magic:  6/6        EV:  6    Int:  8    God:
Gold:   205        SH:  4    Dex:  9    Spells: 5/5 levels left

rFire   . . .        Y - +0 war axe
rCold   . . .        c - +0 buckler
rNeg    + . .        e - +0 plate armour
rPois   inf          (no helmet)
rElec   +            (no cloak)
rCorr   .            (no gloves)
SInv    .            (no boots)
Will    .....        (no amulet) Stlth
                     (no ring)
HPRegen 0.26/turn    (no ring)
MPRegen 0.10/turn

%: no passive effects
@: no status effects
A: sickness immunity, AC +4, negative energy resistance 1, electricity
resistance, torment resistance 1, petrification resistance
a: no special abilities


You were on level 4 of the Dungeon.
You visited 1 branch of the dungeon, and saw 4 of its levels.

You collected 205 gold pieces.


Innate Abilities, Weirdness & Mutations

You are immune to sickness and miasma.
Your stone body is resilient. (AC +4)
You are immune to poison.
You resist negative energy. (rN+)
You are resistant to electric shocks. (rElec)
You are resistant to unholy torment.
You are immune to petrification.


   Skills:
 - Level 4.0 Fighting
 + Level 5.1 Axes
 - Level 3.2 Armour
 - Level 3.2 Shields


You had 5 spell levels left.
You didn't know any spells.
Your spell library was empty.

Inventory:

Hand Weapons
 a - a +0 flail
 Y - a +0 war axe (weapon)
Armour
 c - a +0 buckler (worn)
 e - a +0 plate armour (worn)
Scrolls
 b - a scroll of identify
 h - a scroll of amnesia {unknown}
 i - a scroll of teleportation
Potions
 d - a potion of might
 f - 3 potions of curing
 g - a potion of ambrosia {unknown}
 j - a potion of attraction {unknown}

Dungeon Overview and Level Annotations

Branches:
Dungeon (4/15)
 Temple: D:4-7

Altars:
Ashenzari
Nemelex Xobeh

Annotations:
D:1 exclusion: kobold
D:4 Edmund


Message History

You kill the orc!
You start resting.
A ball python comes into view.
The ball python moves out of view.
You start resting.
A ball python is nearby!
The ball python hisses angrily.
You hit the ball python.
You kill the ball python!
You start resting.
HP restored.
h - a scroll labelled KIBLOCL GIMN You see here a +0 whip.
Enter note:
Enter note: You now have 197 gold pieces (gained 11).
You now have 205 gold pieces (gained 8).
You open the door.
There is an open door here.
You open the door.
A ball python comes into view.
The ball python hisses angrily.
Found an escape hatch in the ceiling.
Enter note:
Enter note: You slash the ball python!
You kill the ball python!
Your Fighting skill increases to level 4!
You have reached level 6!
There is an open door here.
Edmund the Younger comes into view.
He is wielding a +1 flail of distortion.
Enter note:
Enter note: You closely miss Edmund.
Edmund hits you with a +1 flail of distortion!
You closely miss Edmund.
Edmund hits you with a +1 flail of distortion!
Space warps horribly around you!!
Edmund hits you with a +1 flail of distortion!
You die...

#.#######.......... ..
##.##......# ..###
###..##.###### ....
#...###..##### ###...
#.#.#.+...#... ......
##.#+#.###.#... #...#
#..#.....#.....
#.<.@###'##.....+...##
#....@#...#.....###.##
#...#'#...#'#.#####...
#.. #.......#.'...+.##
#. ###...#####...####
.. #.+...'.#.......#.
..
#+#.#####.#+#...#+#. #
#.....#.....#...#...
#.....'.....##%##...
#.....#.....#...#...


You could see Edmund.

Vanquished Creatures
  A howler monkey (D:4)
  An orc priest (D:4)
  An iguana (D:4)
  A gnoll (D:1)
  3 adders
  A worm (D:2)
  3 dart slugs
  5 orcs (D:4)
  9 bats
  4 endoplasms
  5 goblins
  3 hobgoblins (D:1)
  5 jackals
  9 kobolds
  6 quokkas
  11 ball pythons
  3 frilled lizards (D:3)
  7 rats
78 creatures vanquished.

Vanquished Creatures (others)
  A kobold (D:4)
1 creature vanquished.

Grand Total: 79 creatures vanquished

Notes
Turn   | Place    | Note
-------+----------+-------------------------------------------
     0 | D:1      | qw the Gargoyle Fighter began the quest for the Orb.
     0 | D:1      | Reached XP level 1. HP: 14/14 MP: 1/1
     0 | D:1      | 0 ||| qw: Version: 0.2-a-29-g511e9b1
     0 | D:1      | 0 ||| qw: Game counter: 5503
     0 | D:1      | 0 ||| qw: Always use a shield: true
     0 | D:1      | 0 ||| qw: God list: Okawaru
     0 | D:1      | 0 ||| qw: Allow faded altars: false
     0 | D:1      | 0 ||| qw: Do Orc after D:15 true
     0 | D:1      | 0 ||| qw: Do second Lair branch before Depths: true
     0 | D:1      | 0 ||| qw: Lair rune preference: random
     0 | D:1      | 0 ||| qw: Plans: Normal, Zot:1-4, Slime:5, God:TSO, Crypt,
                  | Tomb, Abyss, Pan, Hells, Win
     0 | D:1      | 0 ||| PLANNING D:1-11
    16 | D:1      | Reached skill level 2 in Axes
    43 | D:1      | Reached XP level 2. HP: 19/19 MP: 2/2
   246 | D:1      | 246 ||| Stepping ~*~*~tactically~*~*~ (stealth).
   251 | D:1      | Reached skill level 3 in Axes
   259 | D:1      | Reached XP level 3. HP: 23/23 MP: 3/3
   895 | D:1      | 895 ||| UPGRADING to +0 plate armour.
   905 | D:1      | 905 ||| DROPPING +0 scale mail.
   906 | D:1      | 906 ||| READING scroll labelled GAEVAC ZALEIRE.
   909 | D:1      | 909 ||| READING scroll labelled HULULI POT KUI.
   910 | D:1      | 910 ||| DRINKING 2 coppery potions.
  1031 | D:2      | Reached XP level 4. HP: 28/28 MP: 4/4
  1039 | D:2      | 1039 ||| READING scroll labelled IRUOLYENGI.
  1046 | D:2      | 1046 ||| STAIRDANCE
  1145 | D:2      | 1145 ||| Stepping ~*~*~tactically~*~*~ (hiding).
  1148 | D:2      | 1148 ||| Stepping ~*~*~tactically~*~*~ (hiding).
  1150 | D:2      | 1150 ||| Stepping ~*~*~tactically~*~*~ (hiding).
  1202 | D:2      | 1202 ||| Stepping ~*~*~tactically~*~*~ (stealth).
  1206 | D:2      | Reached skill level 4 in Axes
  1472 | D:2      | 1472 ||| READING scroll labelled DAUSIOCL UXAFU.
  1473 | D:2      | 1473 ||| READING scroll labelled HATUIV MAFOBUHUAN.
  1479 | D:2      | 1479 ||| STAIRDANCE
  1546 | D:2      | 1546 ||| Stepping ~*~*~tactically~*~*~ (hiding).
  1548 | D:2      | 1548 ||| Stepping ~*~*~tactically~*~*~ (hiding).
  1550 | D:2      | 1550 ||| Stepping ~*~*~tactically~*~*~ (hiding).
  1551 | D:2      | 1551 ||| Stepping ~*~*~tactically~*~*~ (hiding).
  1554 | D:2      | 1554 ||| Stepping ~*~*~tactically~*~*~ (hiding).
  1829 | D:2      | 1829 ||| DROPPING +0 club.
  1900 | D:2      | 1900 ||| Stepping ~*~*~tactically~*~*~ (hiding).
  2274 | D:3      | Found a broken altar of Ashenzari.
  2274 | D:3      | Found a sparkling altar of Nemelex Xobeh.
  2388 | D:3      | Found a faded altar of an unknown god.
  2499 | D:3      | 2499 ||| Stepping ~*~*~tactically~*~*~ (hiding).
  2500 | D:3      | 2500 ||| Stepping ~*~*~tactically~*~*~ (hiding).
  2884 | D:3      | 2884 ||| READING scroll labelled DUXANU FEGU.
  2967 | D:4      | Reached XP level 5. HP: 16/32 MP: 5/5
  2984 | D:4      | 2984 ||| FLEEEEING.
  2985 | D:4      | 2985 ||| FLEEEEING.
  2986 | D:4      | 2986 ||| FLEEEEING.
  2987 | D:4      | 2987 ||| FLEEEEING.
  2989 | D:4      | 2989 ||| FLEEEEING.
  2990 | D:4      | 2990 ||| FLEEEEING.
  2991 | D:4      | 2991 ||| FLEEEEING.
  3314 | D:4      | Reached skill level 5 in Axes
  3425 | D:4      | Reached XP level 6. HP: 38/38 MP: 6/6
  3426 | D:4      | Noticed Edmund
  3433 | D:4      | HP: 5/38 [Edmund/+1 flail of distortion (18)]
  3433 | D:4      | Slain by Edmund

Levels and vault maps discovered:
D:1:      nzn_arrival_water_spiral, layout_basic, minmay_tetromino_s2
D:2:      layout_basic, minmay_misc_feat_pillars
D:3:      layout_basic, nicolae_overflow_two_pavilions,
          dreamdust_ecumenical_altar_angels_and_demons
D:4:      nicolae_cairo_tiling_large, layout_basic,
          minmay_temple_entry_gardened_gates, uniq_edmund

Skill      XL: |  1  2  3  4  5 |
---------------+----------------+-----
Axes           | 2 3 4 5 |  5.1
Fighting       | 4 |  4.0
Armour         | |  3.2
Shields        | |  3.2

Action                     |  1- 3 |  4- 6 || total
---------------------------+-------+-------++-------
  Melee: War axe           |   104 |   114 ||   218
    Use: Scroll            |     2 |     4 ||     6
         Potion            |     1 |       ||     1
 Armour: Scale mail        |    59 |       ||    59
         Plate armour      |       |    72 ||    72
  Dodge: Dodged            |    42 |    44 ||    86
  Block: Buckler           |    14 |    20 ||    34

Table legend:
 A = Non-vault XP
 B = Vault XP
 C = Vault XP percentage of total XP
 D = Non-vault monster count
 E = Vault monster count
 F = Vault count percentage of total count
                 A         B        C        D         E       F
            +---------+---------+-------+---------+---------+-------
      Total |     315 |       4 |   1.3 |      76 |       2 |   2.6
            +---------+---------+-------+---------+---------+-------
        D:1 |      72 |       4 |   5.3 |      34 |       2 |   5.6
        D:2 |      63 |       0 |   0.0 |      20 |       0 |   0.0
        D:3 |       9 |       0 |   0.0 |       8 |       0 |   0.0
        D:4 |     171 |       0 |   0.0 |      14 |       0 |   0.0
            +---------+---------+-------+---------+---------+-------
